 Dungeon Crawl Stone Soup version 0.29-a0-817-g9904bce7a6 (webtiles) character file.

Game seed: 9833255094821933695

64 zishaf the Shooter (level 3, 0/31 HPs)
             Began as a Demigod Hunter on July 5, 2022.
             Shot with a sling bullet by a goblin (5 damage)
             ... on level 2 of the Dungeon.
             The game lasted 00:01:12 (1053 turns).

zishaf the Shooter (Demigod Hunter)                 Turns: 1053, Time: 00:01:12

Health: 0/31       AC:  5    Str: 12    XL:     3   Next: 64%
Magic:  5/5        EV: 11    Int: 11    God:
Gold:   59         SH:  0    Dex: 21    Spells: 2/2 levels left

rFire   . . .      SeeInvis +   a - +0 shortbow
rCold   . . .      Faith    .   (shield currently unavailable)
rNeg    . . .      Spirit   .   f - +0 ring mail
rPois   .          Reflect  .   (no helmet)
rElec   .          Harm     .   (no cloak)
rCorr   .          Rampage  .   (no gloves)
Will    .....                   (no boots)
Stlth   +.........              (no amulet)
HPRegen 0.10/turn               g - ring of wizardry
MPRegen 0.09/turn               o - ring of see invisible

@: no status effects
A: high MP 1, forlorn, divine attributes
a: no special abilities


You were on level 2 of the Dungeon.
You visited 1 branch of the dungeon, and saw 2 of its levels.

You collected 59 gold pieces.

Inventory:

Hand Weapons
 a - a +0 shortbow (weapon)
Armour
 c - a +0 leather armour
 f - a +0 ring mail (worn)
Jewellery
 g - a ring of wizardry (left hand)
 o - a ring of see invisible (right hand)
Scrolls
 b - a scroll of immolation
 d - 2 scrolls of teleportation {unknown}
 e - a scroll of brand weapon {unknown}
 h - a scroll of poison {unknown}
 i - a scroll of magic mapping {unknown}
 k - 2 scrolls of enchant armour {unknown}
 l - a scroll of identify {unknown}
Potions
 j - a potion of attraction {unknown}
 m - a potion of degeneration {unknown}
 n - a potion of curing {unknown}
 p - a potion of heal wounds {unknown}
 q - a potion of invisibility {unknown}


   Skills:
 + Level 3.0 Fighting
 + Level 4.3 Ranged Weapons
 - Level 1.7 Dodging
 - Level 0.8 Stealth


You had 2 spell levels left.
You didn't know any spells.
Your spell library contained the following spells:

 Spells                   Type           Power      Damage    Failure   Level
 Ozocubu's Armour         Ice            0%         N/A       65%         3
 Metabolic Englaciation   Hex/Ice        0%         N/A       100%        5
 Simulacrum               Ice/Necr       0%         N/A       100%        6


Dungeon Overview and Level Annotations

Branches:
Dungeon (2/15)


Innate Abilities, Weirdness & Mutations

You have an increased reservoir of magic. (+10% MP)
You shall have no god before yourself.
Your divine heritage dramatically boosts your attributes as you level up.


Message History

Pain shoots through your body! Natasha casts a spell at you.
The magic dart hits you. Natasha casts a spell at you. The magic dart hits you!
The shadow imp hits you.
Fire: a) +0 shortbow
Press: ? - help, Q - select action Shift-Dir - straight line, f/p - Natasha
Aim: Natasha (almost dead, 59% to hit)
You shoot an arrow. The arrow barely misses Natasha.
The arrow barely misses the white imp.
The shadow imp barely misses you. Natasha claws you.
* * * LOW HITPOINT WARNING * * *
The shadow imp picks up a beetle and eats it.
The shadow imp closely misses you. Natasha claws you.
* * * LOW HITPOINT WARNING * * *
Fire: a) +0 shortbow
Press: ? - help, Q - select action Shift-Dir - straight line, f/p - Natasha
Aim: Natasha (almost dead, 59% to hit)
You shoot an arrow. The arrow hits Natasha.
You kill Natasha!
Natasha yowls pathetically as she dies!
The white imp disappears in a puff of smoke!
The shadow imp disappears in a puff of smoke!
Your Fighting skill increases to level 3!
Unknown command.
You start resting.
A goblin comes into view. It is wielding a +0 dagger.
You feel yourself speed up.
You pick up a book of Winter and begin reading...
You add the spells Ozocubu's Armour, Metabolic Englaciation and Simulacrum to your library.
You start resting.
A goblin is nearby!
You are too injured to fight recklessly!
Fire: a) +0 shortbow
Press: ? - help, Q - select action Shift-Dir - straight line, f - goblin
Aim: a goblin, wielding a +0 dagger and quivering stones (wandering, hasn't noticed you, 59% to hit)
You shoot an arrow. The arrow misses the goblin.
The goblin unwields a +0 dagger.
The goblin wields a +0 sling.
The goblin shoots a sling bullet.
The sling bullet hits you.
You die...

.######.########
..............[.
#######.######## #..# #
#####.## # #......######
. #......#.....
....########............
......†@...#......#.....
....######.....#........
. #....g#.#.#####
#.....+.#..<#..
#.....####.÷..#
#.########..... ..g
#........ .... #.###....
#... # #....


You could see a goblin.

Vanquished Creatures
  Natasha (D:2)
  An adder (D:2)
  A worm (D:2)
  2 ball pythons
  A bat (D:1)
  5 endoplasms
  4 giant cockroaches
  2 goblins
  3 hobgoblins
  2 kobolds (D:1)
  A frilled lizard (D:1)
  2 rats
25 creatures vanquished.

Notes
Turn   | Place    | Note
-------+----------+-------------------------------------------
     0 | D:1      | zishaf the Demigod Hunter began the quest for the Orb.
     0 | D:1      | Reached XP level 1. HP: 17/17 MP: 3/3
   312 | D:1      | Reached XP level 2. HP: 24/24 MP: 4/4
   648 | D:2      | Reached skill level 4 in Ranged Weapons
   990 | D:2      | Reached XP level 3. HP: 30/30 MP: 5/5
  1008 | D:2      | Noticed Natasha
  1021 | D:2      | HP: 1/30 [Natasha (4)]
  1022 | D:2      | Killed Natasha
  1053 | D:2      | Shot with a sling bullet by a goblin

Illustrated notes

Levels and vault maps discovered:
D:1:      scummos_arrival_simple_crosswalls, layout_basic,
          ebering_ecumenical_altar_box
D:2:      layout_basic, uniq_natasha

Skill      XL: |  1  2  3 |
---------------+----------+-----
Fighting       | 2 3 |  3.0
Ranged Weapons | 4 |  4.3
Dodging        | |  1.7
Stealth        | |  0.8

Action                   || total
-------------------------++-------
 Fire: Shortbow          ||    73
Armor: Ring mail         ||    18
Dodge: Dodged            ||    28

Table legend: (Time is in decaauts)
 A = Elapsed time spent in this place.
 B = Non-inter-level travel time spent in this place.
 C = Inter-level travel time spent in this place.
 D = Time resting spent in this place.
 E = Time spent auto-exploring this place.
 F = Levels seen in this place.
 G = Mean time per level.
                   A        B        C        D        E       F      G
               +--------+--------+--------+--------+--------+-----+--------+
         Total |   1092 |   1083 |      9 |     30 |    878 |   2 |  546.0 |
       Dungeon |   1092 |   1083 |      9 |     30 |    878 |   2 |  546.0 |
               +--------+--------+--------+--------+--------+-----+--------+

Top non-repeatable levels by time:
     D:1: 657 daAuts
     D:2: 435 daAuts
